Map: World of Sleepers LE

Players

ROMERMARIN

  • Race: Protoss Protoss
  • Spawn Location: 1:00

Ratl - Winner!

  • Race: Protoss Protoss
  • League: Silver
  • Spawn Location: 7:00

VOD

Have the link to the VOD?

Description

Time

  • Played on: Jan. 14, 2020, 3:08 p.m.
  • Length: 13:16
Show
View Real Time Build Order
Export as new Build Order

ROMERMARIN Protoss 

Build Orders:  

Get SALT Encoding   

  12  0:03  Probe (Chrono Boost)  
  14  0:15  Probe (Chrono Boost)  
  14  0:21  Probe (Chrono Boost)  
  14  0:26  Pylon  
  15  0:37  Assimilator  
  15  0:44  Probe  
  15  0:47  Gateway  
  16  0:59  Probe  
  17  1:09  Forge  
  17  1:11  Probe (Chrono Boost)  
  18  1:23  Probe (Chrono Boost)  
  19  1:28  Assimilator  
  19  1:32  Probe (Chrono Boost)  
  20  1:48  Cybernetics Core  
  20  1:56  Photon Cannon  
  20  2:00  Probe  
  21  2:11  Pylon  
  21  2:12  Probe  
  22  2:27  Gateway  
  22  2:31  Stalker  
  22  2:33  Warp Gate  
  24  2:40  Pylon  
  24  2:47  Nexus  
  24  3:07  Twilight Council  
  24  3:08  Stalker  
  26  3:16  Stalker  
  28  3:25  Robotics Facility  
  28  3:46  Stalker  
  30  4:04  Blink (Chrono Boost), Stalker  
  32  4:23  Probe (Chrono Boost)  
  33  4:29  Probe (Chrono Boost)  
  34  4:33  Probe (Chrono Boost)  
  34  4:34  Stalker  
  34  4:36  Stalker  
  34  4:37  Probe (Chrono Boost)  
  40  4:40  Probe (Chrono Boost)  
  40  4:42  Probe (Chrono Boost)  
  42  4:48  Assimilator  
  42  4:49  Probe  
  42  4:51  Assimilator  
  43  4:54  Probe  
  43  4:56  Observer  
  45  5:09  Gateway  
  45  5:15  Protoss Shields Level 1  
  45  5:24  Probe (Chrono Boost)  
  46  5:34  Probe (Chrono Boost), Stalker x2  
  51  5:37  Warp Prism  
  51  5:39  Probe (Chrono Boost)  
  54  6:02  Robotics Bay  
  54  6:09  Gateway  
  54  6:21  Photon Cannon  
  54  6:24  Pylon  
  54  6:45  Pylon  
  54  6:48  Pylon  
  54  6:50  Gravitic Boosters (Chrono Boost), Observer  
  55  7:01  Robotics Facility  
  55  7:06  Stargate  
  45  7:25  Probe  
  46  7:31  Photon Cannon  
  46  7:37  Probe (Chrono Boost)  
  46  7:39  Photon Cannon  
  47  7:49  Probe (Chrono Boost), Immortal  
  51  7:54  Probe (Chrono Boost)  
  47  8:04  Probe  
  46  8:17  Pylon  
  46  8:19  Void Ray  
  46  8:20  Pylon  
  46  8:24  Stalker x3  
  56  8:28  Probe  
  57  8:40  Probe  
  58  8:51  Photon Cannon  
  58  8:57  Probe  
  59  9:07  Void Ray  
  59  9:09  Probe  
  64  9:26  Immortal  
  67  9:50  Void Ray, Stalker x3  
  77  9:54  Stalker  
  78  10:32  Stalker  
  78  10:33  Stalker x2  
  78  10:34  Stalker  
  82  10:55  Photon Cannon  
  82  11:00  Photon Cannon  
  82  11:08  Void Ray  
  86  11:19  Observer  
  87  11:37  Immortal  
  91  11:54  Pylon  
  91  11:55  Photon Cannon  
  91  11:58  Pylon  
  91  12:19  Shield Battery  
Show
View Real Time Build Order
Export as new Build Order

Ratl Protoss - Winner!

Build Orders:  

Get SALT Encoding   

  12  0:01  Probe  
  13  0:13  Probe  
  14  0:17  Pylon  
  14  0:25  Probe  
  15  0:36  Gateway  
  15  0:38  Probe  
  16  0:50  Probe  
  16  0:54  Gateway  
  17  1:02  Probe  
  18  1:05  Assimilator  
  18  1:12  Assimilator  
  18  1:14  Probe (Chrono Boost)  
  19  1:24  Probe (Chrono Boost)  
  20  1:27  Cybernetics Core  
  20  1:29  Probe (Chrono Boost)  
  21  1:41  Probe  
  22  1:53  Probe  
  23  1:57  Pylon  
  23  2:02  Pylon  
  23  2:08  Warp Gate (Chrono Boost)  
  23  2:15  Probe, Adept x2  
  28  2:27  Probe  
  29  2:39  Probe  
  29  2:43  Nexus  
  30  2:52  Probe, Stalker  
  33  3:12  Probe  
  33  3:20  Robotics Facility  
  33  3:23  Stargate  
  33  3:24  Probe  
  33  3:25  Stalker  
  36  3:36  Probe  
  37  3:51  Probe  
  36  4:03  Probe  
  36  4:09  Probe  
  36  4:15  Probe  
  40  4:17  Oracle  
  40  4:20  Observer  
  40  4:21  Probe  
  42  4:27  Probe  
  42  4:30  Assimilator  
  43  4:33  Probe  
  44  4:39  Probe  
  44  4:42  Observer  
  46  4:47  Stargate  
  46  4:52  Pylon  
  46  4:56  Probe x2  
  48  5:03  Warp Prism  
  50  5:08  Probe x2  
  50  5:09  Assimilator  
  52  5:19  Oracle  
  52  5:20  Probe x2  
  57  5:24  Zealot  
  57  5:25  Zealot  
  61  5:37  Pylon  
  61  5:39  Pylon  
  61  5:44  Gateway  
  61  5:45  Gateway  
  61  5:47  Probe x2  
  61  5:48  Gateway  
  62  5:55  Immortal  
  66  5:58  Protoss Air Weapons Level 1  
  66  6:06  Oracle  
  69  6:17  Probe x2  
  71  6:24  Stalker  
  71  6:25  Stalker  
  75  6:29  Probe x2  
  77  6:34  Observer  
  78  6:49  Pylon  
  78  6:50  Pylon  
  78  6:57  Pylon  
  78  7:00  Pylon  
  78  7:05  Pylon  
  78  7:07  Probe  
  78  7:08  Probe  
  80  7:20  Probe x2  
  80  7:21  Void Ray x2  
  94  7:22  Immortal  
  94  7:38  Probe x2, Nexus  
  94  7:40  Assimilator  
  94  7:42  Pylon, Stalker x5  
  106  7:45  Pylon  
  106  7:49  Pylon  
  106  7:50  Probe  
  107  8:02  Immortal  
  111  8:11  Probe x2  
  113  8:18  Assimilator  
  113  8:23  Probe x2, Shield Battery  
  113  8:25  Shield Battery  
  115  8:27  Shield Battery  
  115  8:31  Shield Battery  
  115  8:32  Shield Battery  
  115  8:34  Immortal  
  115  8:35  Shield Battery  
  115  8:38  Pylon  
  115  8:44  Void Ray x2  
  115  8:46  Fleet Beacon  
  127  8:58  Probe x3  
  127  8:59  Protoss Air Armor Level 1 (Chrono Boost)  
  130  9:10  Probe x2  
  133  9:20  Unknown  
  134  9:24  Immortal  
  132  9:31  Void Ray (Chrono Boost)  
  132  9:32  Void Ray (Chrono Boost)  
  144  10:15  Void Ray x2  
  144  10:16  Immortal  
  144  10:18  Stalker x3  
  144  10:19  Zealot  
  158  10:49  Void Ray  
  155  10:55  Immortal  
  163  11:18  Pylon  
  163  11:19  Nexus  
  163  11:20  Pylon, Assimilator  
  163  11:21  Pylon  
  163  11:36  Void Ray (Chrono Boost)  
  163  11:37  Immortal  
  163  11:39  Void Ray (Chrono Boost)  
  175  11:40  Pylon  
  175  11:54  Forge  
  175  12:10  Stargate x2  
  175  12:13  Void Ray (Chrono Boost)  
  175  12:14  Void Ray (Chrono Boost)  
  179  12:16  Immortal  
  179  12:17  Gateway  
  179  12:18  Gateway  
  187  12:24  Gateway  
  187  12:26  Stalker  
  187  12:27  Stalker x4  
  187  12:28  Gateway  
  197  12:32  Pylon  
  197  12:36  Gateway  
  197  12:38  Gateway  
  197  12:39  Gateway  
  197  12:43  Photon Cannon  
  197  12:45  Photon Cannon  
  197  12:47  Photon Cannon  
  197  12:49  Photon Cannon  
  197  12:51  Shield Battery  
  197  12:54  Shield Battery  
  197  12:56  Shield Battery  
  196  12:59  Shield Battery  
  196  13:01  Shield Battery  
  196  13:03  Shield Battery  
  196  13:05  Zealot x3  
  178  13:06  Zealot x2  
Tags
 
League
Silver
Matchup
PvP
Spawn Locations
Cross Positions
Add a new tag
Caveats
  • Supply blocks, unpowered buildings, or Contaminate may cause inaccurate times.
  • Supply counts are checked every 10 seconds.